 Dungeon Crawl Stone Soup version 0.20.0-15-g7f486f2 (webtiles) character file.

141 Zwobot the Skirmisher (level 5, 0/49 HPs)
             Began as a Deep Elf Fighter on June 11, 2017.
             Succumbed to an adder's poison
             ... on level 2 of the Dungeon.
             The game lasted 00:07:21 (2661 turns).

Zwobot the Skirmisher (Deep Elf Fighter)            Turns: 2661, Time: 00:07:22

Health: 0/49       AC: 22    Str: 14    XL:     5   Next: 3%
Magic:  7/7        EV:  2    Int: 13    God:
Gold:   149        SH:  0    Dex: 14    Spells: 4/4 levels left

rFire    . . .     SeeInvis .   a - +1 rapier
rCold    . . .     Gourm    .   (no shield)
rNeg     + + +     Faith    .   (armour currently unavailable)
rPois    +         Spirit   .   (helmet currently unavailable)
rElec    .         Reflect  .   (cloak currently unavailable)
rCorr    .         Harm     .   (gloves currently unavailable)
MR       .....     NoTele   +   (boots currently unavailable)
Stlth    +.........             (no amulet)
Regen    0.2/turn               (no ring)
MPRegen  0.1/turn               (no ring)

@: lethally poisoned (0 -> -4), tree-form, very slightly contaminated, invisible
(expiring)
A: blink, sense surroundings 1, evolution 1
a: Blink


You were on level 2 of the Dungeon.
You were not hungry.
You were a tree.
You visited 1 branch of the dungeon, and saw 3 of its levels.

You collected 149 gold pieces.

Inventory:

Hand Weapons
 a - a +1 rapier (weapon)
 e - a cursed -2 whip
Armour
 b - a +1 scale mail (melded)
Scrolls
 g - a scroll of enchant armour
 l - a scroll of amnesia
Potions
 d - a potion of might
 i - a potion of flight
 n - a potion of mutation
Comestibles
 f - a bread ration
 k - a royal jelly


   Skills:
 - Level 4.0 Fighting
 + Level 3.6 Short Blades
 - Level 2.4 Armour
   Level 2.4 Shields


You had 4 spell levels left.
You didn't know any spells.

Dungeon Overview and Level Annotations

Branches:
Dungeon (3/15)

Altars:
Fedhas
Vehumet


Innate Abilities, Weirdness & Mutations

You can translocate small distances at will.
((Your flesh is cold resistant. (rC+)))
You passively map a small area around you.
You evolve.


Message History

It was a potion of flight.
You feel very buoyant.
You fly up into the air.
The adder bites you.
* * * LOW HITPOINT WARNING * * *
You are lethally poisoned!
The adder poisons you!
The phantom hits you but does no damage.
It was a potion of mutation.
You feel extremely strange.
You feel jittery.
You feel nature experimenting on you.
Don't worry, failures die fast.
You feel a strange attunement to the structure of the dungeons.
You feel resistant to cold.
* * * LOW HITPOINT WARNING * * *
You feel sick. The adder closely misses you.
The phantom hits you but does no damage.
The adder bites you but does no damage.
It was a potion of lignification.
You turn into a tree.
Your +1 scale mail melds into your body.
Your roots penetrate the ground.
You die...

#.#...# #.#...#
#.#...# #.#...######
#.##'###...# #
#.##.###...###########
#.##..................
#.K.WS................
#####♣...####....#####
####+###.....#.......
#............#.......
#............#.......
#............#......#
#............#.#####)
########.....#.#####.
##............
#......######


You could see a phantom, an adder and a kobold.

Vanquished Creatures
  4 gnolls (D:3)
  2 adders (D:2)
  3 worms
  3 leopard geckos (D:1)
  2 ball pythons
  7 bats
  3 giant cockroaches (D:1)
  8 goblins
  12 hobgoblins
  2 jackals (D:1)
  11 kobolds
  2 quokkas
  5 frilled lizards
  7 rats
71 creatures vanquished.

Notes
Turn   | Place    | Note
-------+----------+-------------------------------------------
     0 | D:1      | Zwobot the Deep Elf Fighter began the quest for the Orb.
     0 | D:1      | Reached XP level 1. HP: 13/13 MP: 3/3
   196 | D:1      | Reached XP level 2. HP: 17/18 MP: 4/4
   204 | D:1      | Reached skill level 3 in Fighting
   745 | D:1      | Reached XP level 3. HP: 22/23 MP: 5/5
  1787 | D:2      | Reached skill level 4 in Fighting
  1846 | D:2      | Reached XP level 4. HP: 22/29 MP: 6/6
  2075 | D:2      | Found a radiant altar of Vehumet.
  2426 | D:2      | Found a blossoming altar of Fedhas.
  2592 | D:3      | Noticed a phantom
  2649 | D:3      | Reached XP level 5. HP: 18/33 MP: 7/7
  2659 | D:2      | HP: 1/33 [adder (2)]
  2660 | D:2      | Gained mutation: You can translocate small distances at will. [potion of mutation]
  2660 | D:2      | Gained mutation: You evolve. [potion of mutation]
  2660 | D:2      | Gained mutation: You passively map a small area around you. [potion of mutation]
  2660 | D:2      | Gained mutation: Your flesh is cold resistant. (rC+) [potion of mutation]
  2661 | D:2      | Succumbed to an adder's poison

Skill      XL: |  1  2  3  4 |
---------------+-------------+-----
Fighting       | 3 4 |  4.0
Short Blades   | 3 |  3.6
Armour         | |  2.4
Shields        | |  2.4

Action                   |  1- 3 |  4- 6 || total
-------------------------+-------+-------++-------
Melee: Rapier            |   223 |    86 ||   309
  Use: Scroll            |     8 |     1 ||     9
       Potion            |       |     5 ||     5
 Stab: Invisible         |       |     5 ||     5
  Eat: Chunk             |     3 |     3 ||     6
Armor: Scale mail        |   135 |    33 ||   168
Dodge: Dodged            |   119 |    64 ||   183
